 Dungeon Crawl Stone Soup version 0.27-a0-1384-g1422d76b99 (webtiles) character file.

Game seed: 18209058540644593418

90933 Anon1729 the Unseen (level 16, -3/96 HPs)
             Began as a Kobold Ice Elementalist on June 30, 2021.
             Was the Champion of Fedhas.
             Shot with an arrow by a deep elf archer (9 damage)
             ... on level 1 of the Elven Halls.
             The game lasted 02:05:19 (33726 turns).

Anon1729 the Unseen (Kobold Ice Elementalist)      Turns: 33726, Time: 02:05:20

Health: -3/96      AC: 19    Str:  5      XL:     16   Next: 48%
Magic:  2/29       EV: 21    Int: 22 (23) God:    Fedhas [******]
Gold:   2665       SH:  0    Dex: 12      Spells: 8/34 levels left

rFire    . . .     SeeInvis .   x - +8 trident of the Octopus King {venom, rElec rPois Will+}
rCold    + + +     Faith    .   (shield currently unavailable)
rNeg     + + +     Spirit   .   t - +2 robe {rC+}
rPois    +         Reflect  .   V - +1 hat
rElec    +         Harm     .   f - +0 cloak
rCorr    +         Rampage  .   W - +0 pair of gloves
Will     ++...                  P - +2 pair of boots {Fly}
Stlth    ++++++++..             c - amulet of regeneration
HPRegen  1.26/turn              Z - ring "Elokhio" {rC++ rN+++ rCorr Dex-4 Stlth+}
MPRegen  0.21/turn              L - ring of wizardry

@: ice-armoured, flying, very slightly contaminated, slowed, very slow
A: small, no large weapons, nightstalker 3
a: Renounce Religion, Wall of Briars, Grow Ballistomycete, Overgrow, Grow Oklob


You were on level 1 of the Elven Halls.
You worshipped Fedhas.
Fedhas was exalted by your worship.
You visited 5 branches of the dungeon, and saw 24 of its levels.
You also visited: Gauntlet and Volcano.

You collected 2881 gold pieces.
You spent 216 gold pieces at shops.

Inventory:

Hand Weapons
 i - the +10 flail of Dawn {venom, rF+ Int+2 Stlth+}
   (You found it on level 5 of the Lair of Beasts)

   It poisons the flesh of those it strikes.
   Int:       It affects your intelligence (+2).
   rF:        It protects you from fire.
   Stlth:     It makes you more stealthy.
 x - the +8 trident of the Octopus King (weapon) {venom, rElec rPois Will+}
   (You found it on level 13 of the Dungeon)

   It poisons the flesh of those it strikes.
   rElec:     It insulates you from electricity.
   rPois:     It protects you from poison.
   Will:      It increases your willpower.
 T - the +10 trident "Naveh" {antimagic, +Blink rElec rC+++ Int-4}
   (You took it off a centaur on level 11 of the Dungeon)

   It reduces the magical energy of the wielder, and disrupts the spells and
   magical abilities of those hit.
   Natural abilities and divine invocations are not affected.
   Int:       It affects your intelligence (-4).
   rC:        It renders you almost immune to cold.
   rElec:     It insulates you from electricity.
   +Blink:    It lets you blink.
Missiles
 s - 4 boomerangs of dispersal
 K - 6 curare-tipped darts
Armour
 f - a +0 cloak (worn)
 t - a +2 robe of cold resistance (worn)
 E - the +0 hat of Ciubb {Str+3}
   (You found it on level 13 of the Dungeon)

   Str:       It affects your strength (+3).
 P - a +2 pair of boots of flying (worn)
 V - a +1 hat (worn)
 W - a +0 pair of gloves (worn)
Magical Staves
 X - a staff of fire
Jewellery
 a - an amulet of reflection
 c - an amulet of regeneration (around neck)
 d - an amulet of faith
 y - a ring of positive energy
 L - a ring of wizardry (right hand)
 Q - an amulet of guardian spirit
 Z - the ring "Elokhio" (left hand) {rC++ rN+++ rCorr Dex-4 Stlth+}
   (You found it on level 13 of the Dungeon)

   [ring of resist corrosion]

   Dex:       It affects your dexterity (-4).
   rC:        It greatly protects you from cold.
   rN:        It renders you almost immune to negative energy.
   rCorr:     It protects you from acid and corrosion.
   Stlth:     It makes you more stealthy.
Wands
 o - a wand of paralysis (10)
 v - a wand of polymorph (32)
 I - a wand of digging (7)
 M - a wand of iceblast (30)
 O - a wand of acid (9)
 Y - a wand of flame (11)
Scrolls
 e - 3 scrolls of enchant weapon
 h - a scroll of blinking
 j - 9 scrolls of teleportation
 l - 2 scrolls of enchant armour
 m - 10 scrolls of immolation
 p - a scroll of holy word
 q - a scroll of fear
 r - 2 scrolls of magic mapping
 B - 2 scrolls of amnesia
 C - 2 scrolls of fog
 F - 2 scrolls of summoning
 N - 2 scrolls of torment
 U - a scroll of silence
Potions
 b - a potion of berserk rage
 k - 2 potions of mutation
 n - 4 potions of resistance
 u - 5 potions of curing
 w - 4 potions of lignification
 z - 4 potions of heal wounds
 A - 3 potions of might
 D - 5 potions of haste
 G - 5 potions of magic
 H - 2 potions of ambrosia
 J - 2 potions of cancellation
 R - a potion of attraction
 S - 6 potions of brilliance


   Skills:
 + Level 9.3 Fighting
 + Level 1.5 Polearms
 + Level 14.4 Dodging
 + Level 16.7 Stealth
 - Level 9.5 Spellcasting
 + Level 8.3 Conjurations
 * Level 3.0 Necromancy
 + Level 12.8 Ice Magic
 + Level 11.6 Invocations


You had 8 spell levels left.
You knew the following spells:

 Your Spells              Type           Power      Damage    Failure   Level
a - Freeze                Ice            100%       1d11      1%          1
b - Frozen Ramparts       Ice            100%       1d12      1%          3
c - Ozocubu's Armour      Ice            61%        N/A       1%          3
d - Hailstorm             Conj/Ice       54%        3d12      1%          4
e - Metabolic Englaciati  Hex/Ice        19%        N/A       5%          5
f - Passwall              Tmut/Erth      8%         N/A       4%          2
g - Ensorcelled Hibernat  Hex/Ice        76%        N/A       1%          2
h - Simulacrum            Ice/Necr       22%        N/A       16%         6

Your spell library contained the following spells:

 Spells                   Type           Power      Damage    Failure   Level
 Corpse Rot               Necr/Air       N/A        N/A       1%          2
 Sublimation of Blood     Necr           12%        N/A       1%          2
 Dazzling Flash           Conj/Hex       56%        N/A       1%          3
 Stone Arrow              Conj/Erth      56%        3d10      1%          3
 Corona                   Hex            11%        N/A       2%          1
 Sandblast                Erth           20%        2d7       2%          1
 Slow                     Hex            10%        N/A       4%          2
 Confusing Touch          Hex            10%        N/A       8%          3
 Inner Flame              Hex/Fire       10%        N/A       8%          3
 Portal Projectile        Hex/Tloc       20%        N/A       8%          3
 Tukima's Dance           Hex            10%        N/A       8%          3
 Animate Dead             Necr           12%        N/A       8%          4
 Dispel Undead            Necr           24%        3d12      8%          4
 Excruciating Wounds      Necr           12%        N/A       21%         5
 Cause Fear               Hex            5%         N/A       26%         4
 Leda's Liquefaction      Hex/Erth       5%         N/A       26%         4
 Petrify                  Tmut/Erth      10%        N/A       26%         4
 Lee's Rapid Deconstruct  Erth           5%         3d7*      54%         5


Dungeon Overview and Level Annotations

Branches:
Dungeon (14/15)            Temple (1/1) D:5            Lair (6/6) D:9
 Shoals (0/4) Lair:3        Snake (0/4) Lair:3        Slime (0/5) Lair:5
    Orc (2/2) D:12            Elf (1/3) Orc:2        Vaults (0/5) D:13
Volcano (visited)         Gauntlet (visited)

Altars:
Ashenzari
Cheibriados
Dithmenos
Fedhas
Gozag
Hepliaklqana
Kikubaaqudgha
Makhleb
Nemelex Xobeh
Okawaru
Qazlal
Ru
Sif Muna
Trog
Uskayaw
Vehumet
Wu Jian
Xom
Yredelemnul
Zin
The Shining One
Jiyva

Shops:
D:3 ?*   D:7 *   D:12 ([   Orc:2 ([*=

Annotations:
D:11 exclusion: orange crystal statue, Snorg
Lair:5 1 runed translucent door


Innate Abilities, Weirdness & Mutations

You are small and have problems with some larger weapons.
You are completely attuned to the shadows.


Message History

As you read the scroll of fog, it crumbles to dust.
The scroll dissolves into smoke.
The wall freezes the deep elf archer!
The wall freezes the deep elf knight!
The deep elf knight gestures wildly while chanting.
The deep elf knight seems to speed up.
Casting: Hailstorm (safe; 1% risk of failure)
Confirm with . or Enter, or press ? or * to list all spells.
Casting: Hailstorm (safe; 1% risk of failure)
Press: ? - help, Dir - look around, f - activate A cannonade of hail descends around you!
The hail pelts the deep elf pyromancer!!
You kill the deep elf pyromancer!
Fedhas appreciates your contribution to the ecosystem.
The hail pelts the deep elf archer!!
The deep elf archer is severely wounded.
The wall freezes the deep elf knight!
You kill the deep elf knight!
Fedhas appreciates your contribution to the ecosystem.
The wall freezes the deep elf archer!
The deep elf archer gestures at you while chanting.
You resist with almost no effort.
The wall freezes the deep elf archer!
The deep elf archer unwields a +0 longbow.
The deep elf archer wields a +0 short sword.
The deep elf archer hits you but does no damage.
You feel your intelligence returning.
Your Necromancy skill increases to level 3!
Unknown command.
Reach: x) +8 trident of the Octopus King {venom, rElec rPois Will+}
Press: ? - help, Dir - move target, f - deep elf archer
Aim: a deep elf archer, wielding a +0 shortbow, wearing a +0 leather armour and quivering arrows (purple smoke, almost dead, repelling missiles, about 45% to evade the +8 trident of the Octopus King)
You reach to attack!
You miss the deep elf archer.
The deep elf archer is almost dead.
The frozen ramparts melt away.
The deep elf archer shoots an arrow.
The arrow hits you!
* * * LOW HITPOINT WARNING * * *
The deep elf archer hits you with a +0 short sword!
* * * LOW HITPOINT WARNING * * *
The deep elf archer shoots an arrow.
The arrow hits you!
You die...
Fedhas appreciates your contribution to the ecosystem.

..#..#,.....#..#,,,*,,*,,+,,*,,**
..#****#####...###**,,*,,*,,*,,*,
###≈≈**,,*#.......,,,,*,,*,,*,,*,
*≈≈≈≈**...#.......,,,,*,,*,,*,,*,
*≈≈≈***#..###.#####****,,*,,*,,**
*≈≈**,,#..##.......,,,,,,*,,*,,,,
*≈**,,,+...#.......,,,,,,*,,*,,,,
*≈*,,,,+...++########*****,,*****
*≈**,,,+...#..§§@§§..,,,,,,,,,,,,
*≈≈**,,#..##e§e§§e§..,,,,,,,,,,,,
*≈≈≈***#..*##########************
*≈≈≈≈**...* ***≈≈**,,** ********


You could see 2 deep elf archers.

Vanquished Creatures
  3 liches (D:13)
  An orc warlord (Orc:1)
  A minotaur (Gauntlet)
  A fire dragon (Lair:6)
  The ghost of Waut the Nimble, a journeyman TeGl of Uskayaw (D:13)
  7 hydras
  An ice dragon (Lair:6)
  A boulder beetle (Lair:5)
  A catoblepas (Gauntlet)
  4 centaur warriors (D:13)
  6 two-headed ogres
  2 tengu warriors
  4 orc high priests
  5 death yaks (Lair:6)
  Sonja (D:11)
  A deep elf knight (Elf:1)
  A swamp dragon (Lair:6)
  Pikel (D:5)
  A harpy (shapeshifter) (D:14)
  An orange crystal statue (Gauntlet)
  2 lindwurms (Lair:6)
  An anaconda skeleton (Volcano)
  A deep elf pyromancer (Elf:1)
  An ugly thing (D:13)
  3 orc knights
  4 orc sorcerers (Orc:2)
  5 cyclopes
  5 manticores
  3 black mambas
  5 elephants (Lair:3)
  An ice statue (Gauntlet)
  15 cane toads
  8 gargoyles
  5 torpor snails (Lair:6)
  Maggie (D:7)
  5 rime drakes
  2 unseen horrors (D:12)
  4 komodo dragons
  A polar bear (Lair:3)
  4 trolls
  9 hornets
  2 tyrant leeches (Lair:6)
  4 harpy skeletons (Volcano)
  6 slime creatures (D:13)
  9 blink frogs
  7 dream sheep (Lair:6)
  A flying skull (Volcano)
  Sigmund (D:3)
  A shadow (D:12)
  A spriggan (Lair:5)
  6 water elementals
  2 wraiths
  65 yaks
  2 basilisks
  9 wyverns
  Eustachio (D:4)
  6 humans (D:10)
  6 wargs
  6 vampire mosquitoes
  2 steam dragons
  6 acid dragons
  13 water moccasins
  Duvessa (D:4)
  3 swamp drakes (Lair:6)
  2 black bears
  31 orc warriors
  A sky beast (D:7)
  A necrophage (D:6)
  5 ogres
  13 centaurs
  A phantom (D:6)
  4 wolves (Lair:5)
  2 lemures (D:5)
  A kobold brigand (D:9)
  Blork the orc (D:4)
  3 scorpions
  13 bullfrogs
  A wyvern zombie (D:8)
  Dowan (D:4)
  A water moccasin skeleton (D:6)
  9 killer bees
  A spriggan skeleton (Volcano)
  2 troll skeletons (Volcano)
  5 electric eels
  A howler monkey (D:14)
  3 centaur zombies
  2 bullfrog zombies
  2 jellies
  2 gnoll shamans
  2 hounds
  3 bullfrog skeletons
  21 orc priests
  Crazy Yiuf (D:3)
  Jessica (D:3)
  Terence (D:2)
  6 iguanas
  A scorpion zombie (D:5)
  28 orc wizards
  5 hell rats (Lair:6)
  A naga skeleton (Volcano)
  17 gnolls
  4 adders
  A shadow imp (D:7)
  4 ufetubi
  2 adder skeletons (D:4)
  3 worms
  57 orcs
  7 ball pythons
  4 bats
  2 endoplasms
  A giant cockroach (D:4)
  5 goblins
  7 hobgoblins
  14 jackals
  8 kobolds
  4 quokkas
  3 frilled lizards
  3 rats
  A ballistomycete spore (Lair:6)
614 creatures vanquished.

Vanquished Creatures (collateral kills)
  The ghost of sn0wgr3 the Cleaver, a journeyman DDFi of Makhleb (D:13)
  2 shadows (D:11)
  17 ballistomycete spores
20 creatures vanquished.

Vanquished Creatures (others)
  A komodo dragon (Lair:6)
  A flying skull (Volcano)
  2 yaks (D:10)
  A centaur (D:11)
  A bush (Lair:2)
  30 fungi
  64 plants
  3 withered plants (Gauntlet)
103 creatures vanquished.

Grand Total: 737 creatures vanquished

Notes
Turn   | Place    | Note
-------+----------+-------------------------------------------
     0 | D:1      | Anon1729 the Kobold Ice Elementalist began the quest for
                  | the Orb.
     0 | D:1      | Reached XP level 1. HP: 10/10 MP: 3/3
   405 | D:1      | Reached skill level 3 in Stealth
   405 | D:1      | Reached XP level 2. HP: 15/15 MP: 3/5
  1056 | D:1      | Reached XP level 3. HP: 14/19 MP: 0/6
  1188 | D:2      | Learned a level 3 spell: Frozen Ramparts
  1192 | D:2      | Learned a level 3 spell: Ozocubu's Armour
  1236 | D:2      | Reached XP level 4. HP: 24/24 MP: 0/8
  1803 | D:2      | Noticed Terence
  1810 | D:2      | Killed Terence
  1811 | D:2      | Reached skill level 4 in Stealth
  2137 | D:2      | Reached XP level 5. HP: 28/28 MP: 7/9
  2278 | D:2      | Found a faded altar of an unknown god.
  2772 | D:3      | Noticed Sigmund
  2786 | D:3      | Killed Sigmund
  2787 | D:3      | Reached skill level 5 in Stealth
  2787 | D:3      | Reached skill level 5 in Ice Magic
  2787 | D:3      | Reached XP level 6. HP: 16/32 MP: 2/11
  3072 | D:3      | Found Lukercho's Magic Scroll Shop.
  3313 | D:3      | Noticed Jessica
  3316 | D:3      | Killed Jessica
  3317 | D:3      | Reached XP level 7. HP: 30/36 MP: 9/12
  3375 | D:3      | Found a runed translucent door.
  3378 | D:3      | Noticed Crazy Yiuf
  3402 | D:3      | Killed Crazy Yiuf
  3814 | D:3      | Reached skill level 5 in Dodging
  3873 | D:3      | Found Haik Zuu's General Store.
  3878 | D:3      | Bought a scroll of teleportation for 30 gold pieces
  4423 | D:4      | Noticed Dowan
  4472 | D:4      | Reached skill level 6 in Stealth
  4785 | D:4      | Noticed Blork the orc
  4794 | D:4      | Killed Blork the orc
  4993 | D:4      | Reached XP level 8. HP: 35/41 MP: 11/14
  5265 | D:4      | Noticed Eustachio
  5272 | D:4      | Killed Eustachio
  5683 | D:4      | Noticed Duvessa
  5688 | D:4      | Killed Duvessa
  5689 | D:4      | Reached skill level 7 in Stealth
  5689 | D:4      | Reached skill level 5 in Spellcasting
  5693 | D:4      | Killed Dowan
  5811 | D:5      | Entered Level 5 of the Dungeon
  5813 | D:5      | Noticed Pikel
  5828 | D:5      | Killed Pikel
  5829 | D:5      | Reached skill level 8 in Stealth
  5829 | D:5      | Reached XP level 9. HP: 38/45 MP: 11/17
  6172 | D:5      | Learned a level 4 spell: Hailstorm
  6178 | D:5      | Learned a level 5 spell: Metabolic Englaciation
  6235 | D:5      | Found a staircase to the Ecumenical Temple.
  6619 | Temple   | Entered the Ecumenical Temple
  6889 | Temple   | Became a worshipper of Fedhas Madash
  7325 | D:6      | Reached skill level 9 in Stealth
  7552 | D:6      | Found a basalt altar of Yredelemnul.
  7559 | D:6      | Found a glowing golden altar of the Shining One.
  7581 | D:6      | Noticed a profane servitor
  8013 | D:7      | Reached skill level 1 in Invocations
  8118 | D:7      | Reached XP level 10. HP: 50/50 MP: 11/20
  8178 | D:7      | Found Yhoeto's CLEARANCE SALE! EVERYTHING MUST GO!.
  8180 | D:7      | Bought a potion of heal wounds for 25 gold pieces
  8249 | D:7      | Reached * piety under Fedhas
  8420 | D:7      | Noticed Maggie
  8427 | D:7      | Killed Maggie
  8436 | D:7      | Reached skill level 10 in Stealth
  8490 | D:7      | Found a stormy altar of Qazlal.
 10132 | D:9      | HP: 2/50 [orc wizard/puff of flame (5)]
 10203 | D:9      | Noticed a gargoyle
 10657 | D:9      | Reached ** piety under Fedhas
 11004 | D:9      | Found a staircase to the Lair.
 11229 | D:10     | Entered Level 10 of the Dungeon
 11273 | D:10     | Reached XP level 11. HP: 41/54 MP: 13/22
 11335 | D:10     | Reached skill level 11 in Stealth
 11359 | D:10     | Noticed a two-headed ogre
 11374 | D:10     | Killed a two-headed ogre
 11474 | D:10     | Reached skill level 5 in Invocations
 11728 | D:10     | Reached skill level 10 in Dodging
 11800 | D:10     | Found an ornate altar of the Wu Jian Council.
 12425 | D:11     | Noticed Snorg
 12570 | D:11     | Noticed a two-headed ogre
 12747 | D:11     | Killed a two-headed ogre
 13041 | D:11     | Noticed a cyclops
 13049 | D:11     | Killed a cyclops
 13134 | D:11     | Reached skill level 12 in Stealth
 13311 | D:12     | Found Pibyfoh's Armour Shoppe.
 13311 | D:12     | Found a staircase to the Orcish Mines.
 13314 | D:12     | Found Ubeysuog's Weapon Shoppe.
 13547 | D:12     | Noticed a cyclops
 13650 | D:11     | Noticed a manticore
 13651 | D:11     | Noticed Sonja
 13663 | D:11     | Killed a manticore
 13664 | D:11     | Killed Sonja
 13665 | D:11     | Reached XP level 12. HP: 39/59 MP: 9/25
 14185 | D:11     | Identified the +10 trident "Naveh" {antimagic, +Blink rElec
                  | rC+++ Int-4}
 14521 | Lair:1   | Entered Level 1 of the Lair of Beasts
 14832 | Lair:1   | Reached *** piety under Fedhas
 14881 | Lair:1   | Noticed an eight-headed hydra
 14896 | Lair:1   | Killed an eight-headed hydra
 15142 | Lair:1   | Reached skill level 10 in Ice Magic
 15826 | Lair:1   | Learned a level 2 spell: Passwall
 15877 | Lair:2   | Reached skill level 13 in Stealth
 16025 | Lair:2   | Noticed a six-headed hydra
 16033 | Lair:2   | Killed a six-headed hydra
 16034 | Lair:2   | Reached skill level 1 in Fighting
 16317 | Lair:2   | Noticed a seven-headed hydra
 16878 | Lair:2   | Learned a level 2 spell: Ensorcelled Hibernation
 16959 | Lair:2   | Noticed a seven-headed hydra
 16971 | Lair:2   | Killed a seven-headed hydra
 16972 | Lair:2   | Reached XP level 13. HP: 35/68 MP: 6/26
 17083 | Lair:2   | Killed a seven-headed hydra
 17600 | Lair:2   | Reached **** piety under Fedhas
 17886 | Lair:3   | Found a staircase to the Snake Pit.
 17975 | Lair:3   | Found a staircase to the Shoals.
 18167 | Lair:3   | Reached skill level 14 in Stealth
 18814 | Lair:3   | Reached skill level 5 in Fighting
 20621 | Lair:5   | Reached ***** piety under Fedhas
 21001 | Lair:5   | Found a runed translucent door.
 21002 | Lair:5   | Found a viscous altar of Jiyva.
 21251 | Lair:5   | Found a staircase to the Slime Pits.
 21382 | Lair:5   | Identified the +10 flail of Dawn {venom, rF+ Int+2 Stlth+}
 21401 | Lair:5   | Noticed a boulder beetle
 21413 | Lair:5   | Reached XP level 14. HP: 61/79 MP: 1/27
 22364 | Lair:6   | Entered Level 6 of the Lair of Beasts
 22409 | Lair:6   | Reached skill level 1 in Conjurations
 22536 | Lair:6   | Found a dark tunnel.
 22543 | Volcano  | Entered a volcano
 22614 | Volcano  | Reached skill level 15 in Stealth
 23007 | Lair:6   | Reached skill level 10 in Invocations
 23977 | Lair:6   | Reached ****** piety under Fedhas
 24043 | Lair:6   | Found a runed translucent door.
 24821 | Lair:6   | Reached skill level 5 in Conjurations
 25028 | Lair:6   | Reached XP level 15. HP: 81/86 MP: 6/28
 25632 | D:9      | Found a faded altar of an unknown god.
 25634 | D:9      | Found a hazy altar of Hepliaklqana.
 25774 | D:9      | Identified the +5 hand axe "Urec" {elec, rC++ rCorr Int-3
                  | Stlth+}
 26137 | D:11     | HP: 2/88 [drowned by a water elemental (9)]
 28027 | D:13     | Found a gate to the Vaults.
 28117 | D:13     | Reached skill level 16 in Stealth
 28383 | D:13     | Found a runed translucent gate.
 28383 | D:13     | Found a runed translucent gate.
 28383 | D:13     | Found a runed translucent gate.
 28385 | D:13     | Found an ancient bone altar of Kikubaaqudgha.
 28385 | D:13     | Noticed a lich
 28385 | D:13     | Noticed a lich
 28386 | D:13     | Found the +8 trident of the Octopus King {venom, rElec
                  | rPois Will+}
 28386 | D:13     | Noticed sn0wgr3's ghost (journeyman DDFi)
 28386 | D:13     | Noticed a lich
 28386 | D:13     | Noticed Waut's ghost (journeyman TeGl)
 28635 | D:14     | Found a gate leading to a gauntlet.
 28641 | Gauntlet | Entered a Gauntlet
 28660 | Gauntlet | Found a transporter.
 28660 | Gauntlet | Found a transporter.
 28689 | Gauntlet | Found a transporter.
 28740 | Gauntlet | Found a transporter.
 28754 | Gauntlet | Found a transporter.
 28804 | Gauntlet | Found a transporter.
 28840 | Gauntlet | Found a transporter.
 28840 | Gauntlet | Found a transporter.
 28900 | Gauntlet | Found a transporter.
 28900 | Gauntlet | Found a transporter.
 29037 | Gauntlet | Found a transporter.
 29103 | Gauntlet | Found a transporter.
 29350 | Gauntlet | Identified the +4 broad axe "Testudinebane" {flame, rC+
                  | Str+5}
 31133 | D:13     | Killed a lich
 31140 | D:13     | Killed Waut's ghost
 31143 | D:13     | Killed a lich
 31143 | D:13     | Killed a lich
 31144 | D:13     | Reached XP level 16. HP: 68/95 MP: 14/29
 31146 | D:13     | Killed sn0wgr3's ghost
 31165 | D:13     | Identified the +0 hat of Ciubb {Str+3}
 31173 | D:13     | Identified the ring "Elokhio" {rC++ rN+++ rCorr Dex-4
                  | Stlth+}
 31187 | D:13     | Got Kikubaaqudgha's Compendium of Sinister Rituals
 31246 | Orc:1    | Entered Level 1 of the Orcish Mines
 31330 | Orc:1    | Learned a level 6 spell: Simulacrum
 31673 | Orc:2    | Entered Level 2 of the Orcish Mines
 31904 | Orc:2    | Reached skill level 1 in Necromancy
 32299 | Orc:1    | Reached skill level 1 in Polearms
 32582 | Orc:2    | HP: 2/96 [orc high priest (5)]
 32994 | Orc:2    | Found Coede's General Store.
 32994 | Orc:2    | Found Bohazage's Jewellery Shop.
 33004 | Orc:2    | Found Luit's Antique Armour Boutique.
 33005 | Orc:2    | Found Ceomipuc's Antique Weapon Boutique.
 33009 | Orc:2    | Bought a transparent chain mail for 161 gold pieces
 33009 | Orc:2    | Identified the +6 chain mail of Firaqau {Harm rElec rCorr
                  | Dex-2} (You bought it in a shop on level 2 of the Orcish
                  | Mines)
 33187 | Orc:2    | Found a staircase to the Elven Halls.
 33660 | Elf:1    | Entered Level 1 of the Elven Halls
 33726 | Elf:1    | Shot with an arrow by a deep elf archer

Illustrated notes

Levels and vault maps discovered:
D:1:      shiori_arrival_elements, layout_loops_ring
D:2:      layout_basic, chequers_ecumenical_altar_island, uniq_terence
D:3:      layout_loops_ring, serial_shops, shop, shop, uniq_sigmund,
          uniq_jessica, uniq_crazy_yiuf_cottage
D:4:      layout_basic, cheibrodos_sewer_entry_bend, uniq_eustachio,
          uniq_blork_the_orc, uniq_duvessa
D:5:      layout_rooms, minmay_temple_entry_overgrown, st_stairs_2, uniq_pikel
D:6:      layout_basic, grunt_temple_overflow_holy_war
D:7:      layout_gridville, nicolae_overflow_hidden_temple,
          nicolae_shop_clearance, uniq_maggie
D:8:      layout_layer_cave
D:9:      lemuel_flame_loot_2, layout_long_grid,
          beargit_hepliaklqana_dungeon_heroes, lair_entry_dummy
D:10:     layout_roguey, nicolae_overflow_crystal_walls, minmay_ruffians
D:11:     layout_basic, minivault_16, lemuel_flamethrower_1, uniq_sonja,
          uniq_snorg
D:12:     layout_basic, orc_david_3
D:13:     layout_roguey, david_vaults_4, gammafunk_ghost_crypt
D:14:     layout_irregular_city, gauntlet_entry_generic, minivault_27,
          kennysheep_crisscross, minmay_misc_feat_more_columns
Temple:   regret_index_temple_generic_petals
Lair:1:   layout_chaotic_city, beast_lair_carwin_4
Lair:2:   layout_chaotic_city, chequers_serial_rivers_large_b
Lair:3:   layout_cave_pods, shoals_dummy_entry, dummy_snake_entry
Lair:4:   layout_long_grid, chequers_serial_rivers_micro_c,
          infiniplex_staircase_pool_2
Lair:5:   wad_woods_04, layout_layer_cave, slime_altar_2, minivault_27,
          minivault_26, minivault_26
Lair:6:   guppyfry_lair_end_dragon, layout_cave_pods, wormcave,
          nicolae_volcano_entry_hallway
Orc:1:    layout_caves
Orc:2:    st_orc_congregation, layout_caves, nooodl_orcs_dogs
Elf:1:    layout_onion_city, mu_enter_wizlab_1, serial_shops, bzr_entry_safe,
          kennysheep_underground_church

Skill      XL: |  1  2  3  4  5  6  7  8  9 10 11 12 13 14 15 16 |
---------------+-------------------------------------------------+-----
Stealth        | 3 4 5 6 8 9 10 12 13 14 15 16 | 16.7
Dodging        | 3 4 5 6 8 9 10 11 12 13 14 | 14.4
Spellcasting   | 3 4 5 6 7 9 |  9.5
Ice Magic      | 5 6 7 8 9 10 11 12 | 12.8
Invocations    | 1 4 6 8 9 10 11 | 11.6
Fighting       | 2 5 7 8 9 |  9.3
Conjurations   | 5 7 8 |  8.3
Necromancy     | 3 |  3.0
Polearms       | 1 |  1.5

Action                   |  1- 3 |  4- 6 |  7- 9 | 10-12 | 13-15 | 16-18 || total
-------------------------+-------+-------+-------+-------+-------+-------++-------
Melee: Unarmed           |     5 |    74 |     9 |       |       |       ||    88
       Mace              |       |       |   181 |   185 |    37 |       ||   403
       Trident           |       |       |       |     2 |     7 |   290 ||   299
       Flail             |       |       |       |       |   282 |       ||   282
 Cast: Freeze            |    28 |    46 |    73 |   235 |   425 |    13 ||   820
       Frozen Ramparts   |     1 |     4 |    16 |    38 |    69 |    13 ||   141
       Ozocubu's Armour  |       |     2 |     8 |    21 |    66 |     9 ||   106
       Metabolic Englaci |       |       |       |     8 |    14 |     7 ||    29
       Hailstorm         |       |       |       |    28 |    59 |    23 ||   110
       Ensorcelled Hiber |       |       |       |       |     4 |       ||     4
Invok: Wall of Briars    |       |       |       |     6 |     1 |       ||     7
       Grow Ballistomyce |       |       |       |       |     6 |       ||     6
       Grow Oklob        |       |       |       |       |     1 |       ||     1
Evoke: Wand              |       |       |       |       |    23 |     2 ||    25
  Use: Potion            |       |     2 |       |     4 |     6 |     4 ||    16
       Scroll            |       |       |     1 |    10 |    16 |     4 ||    31
 Stab: Sleeping          |       |     5 |    15 |    10 |    12 |     5 ||    47
       Distracted        |       |       |     2 |     1 |     1 |     3 ||     7
       Confused          |       |       |       |       |     4 |       ||     4
Armor: Robe              |     3 |    21 |    64 |   108 |   251 |    81 ||   528
       Skin              |       |       |       |    18 |       |       ||    18
Dodge: Dodged            |    34 |    96 |   292 |   627 |  1195 |   293 ||  2537

Table legend: (Time is in decaauts)
 A = Elapsed time spent in this place.
 B = Non-inter-level travel time spent in this place.
 C = Inter-level travel time spent in this place.
 D = Time resting spent in this place.
 E = Time spent auto-exploring this place.
 F = Levels seen in this place.
 G = Mean time per level.
                   A        B        C        D        E       F      G
               +--------+--------+--------+--------+--------+-----+--------+
         Total |  34342 |  33060 |   1282 |   4621 |  22016 |  26 | 1320.8 |
       Dungeon |  19437 |  18669 |    768 |   2533 |  13125 |  14 | 1388.4 |
        Temple |    288 |    238 |     50 |      0 |    237 |   1 |  288.0 |
          Lair |  10853 |  10484 |    369 |   1095 |   7495 |   6 | 1808.8 |
  Orcish Mines |   2444 |   2351 |     93 |    597 |    932 |   2 | 1222.0 |
   Elven Halls |     69 |     69 |      0 |      0 |      0 |   1 |   69.0 |
       Volcano |    445 |    445 |      0 |    146 |     13 |   1 |  445.0 |
      Gauntlet |    803 |    803 |      0 |    249 |    213 |   1 |  803.0 |
               +--------+--------+--------+--------+--------+-----+--------+

Top non-repeatable levels by time:
  Lair:6: 2780 daAuts
    D:13: 2056 daAuts
  Lair:5: 2030 daAuts
  Lair:2: 1980 daAuts
    D:11: 1855 daAuts
     D:3: 1670 daAuts
    D:12: 1606 daAuts
     D:4: 1560 daAuts
  Lair:3: 1547 daAuts
     D:2: 1515 daAuts
     D:9: 1472 daAuts
  Lair:1: 1469 daAuts
   Orc:1: 1301 daAuts
    D:14: 1244 daAuts
    D:10: 1234 daAuts
